 Dungeon Crawl Stone Soup version 0.18.1-48-g4cf74bf (webtiles) character file.

564 turokix the Digger (level 7, -1/36 HPs)
             Began as a Gargoyle Earth Elementalist on Sept 8, 2016.
             Was a Believer of Vehumet.
             Slain by an iguana (9 damage)
             ... on level 4 of the Dungeon.
             The game lasted 00:14:00 (2759 turns).

turokix the Digger (Gargoyle Earth Elementalist)    Turns: 2759, Time: 00:14:01

Health: -1/36      AC: 13    Str: 11    XL:     7   Next: 32%
Magic:  14/14      EV: 12    Int: 18    God:    Vehumet [**....]
Gold:   120        SH:  0    Dex: 10    Spells: 3 memorised, 11 levels left

rFire  . . .     SeeInvis .     u - +1 dagger (protect)
rCold  . . .     Gourm    +     a - +0 robe
rNeg   + . .     Faith    .     (no shield)
rPois  ∞         Spirit   .     (no helmet)
rElec  +         Dismiss  .     E - +0 cloak
rCorr  .         Reflect  .     r - +0 pair of gloves
SustAt +         Harm     .     (no boots)
MR     .....                    l - amulet of the gourmand
Stlth  +++.......               w - ring of stealth
                                e - ring of sustain attributes

@: not resistant to hostile enchantments, fairly stealthy
A: negative energy resistance 1, electricity resistance, unbreathing,
petrification resistance, rot immunity, AC +4
a: Renounce Religion


You were on level 4 of the Dungeon.
You worshipped Vehumet.
Vehumet was pleased with you.
You were completely stuffed.

You visited 1 branch of the dungeon, and saw 4 of its levels.

You collected 120 gold pieces.

Inventory:

Hand Weapons
 m - a +1 whip of electrocution
 u - a +1 dagger of protection (weapon)
 A - a +0 flail
 D - a +2 quarterstaff of chaos
Missiles
 b - 193 stones (quivered)
Armour
 a - a +0 robe (worn)
 r - a +0 pair of gloves (worn)
 y - a +0 buckler
 E - a +0 cloak (worn)
Jewellery
 e - a ring of sustain attributes (left hand)
 l - an amulet of the gourmand (around neck)
 w - a ring of stealth (right hand)
Scrolls
 f - a scroll of enchant armour {unknown}
 h - 2 scrolls of immolation {unknown}
 i - 2 scrolls of fear {unknown}
 j - a scroll of enchant weapon {unknown}
 n - a scroll of blinking {unknown}
 t - a scroll of recharging {unknown}
 x - a scroll of identify {unknown}
Potions
 k - 2 potions of lignification {unknown}
 p - a potion of resistance {unknown}
 s - a potion of cure mutation {unknown}
 z - a potion of curing {unknown}
Books
 c - a book of Geomancy

   Spells                             Type                      Level
   a - Sandblast                      Earth                        1
   b - Passwall                       Transmutation/Earth          2
   c - Stone Arrow                    Conjuration/Earth            3
   d - Petrify                        Transmutation/Earth          4
   e - Lee's Rapid Deconstruction     Earth                        5
Comestibles
 d - 3 bread rations
 g - 9 fruits
 q - 3 chunks of flesh
 v - a slice of pizza


   Skills:
 - Level 1.5 Dodging
 - Level 2.1 Stealth
 * Level 5.1 Spellcasting
 + Level 3.1 Conjurations
   Level 0.7 Transmutations
 + Level 2.3 Fire Magic
 + Level 5.6 Earth Magic


You had 11 spell levels left.
You knew the following spells:

 Your Spells              Type           Power        Failure   Level  Hunger
a - Sandblast             Erth           ####..       1%          1    None
b - Stone Arrow           Conj/Erth      ###...       10%         3    ##.....
c - Flame Tongue          Conj/Fire      ##...        4%          1    None


Dungeon Overview and Level Annotations

Branches:
Dungeon (4/15)
 Temple: D:4-7

Altars:
Ashenzari
Makhleb
Sif Muna
Vehumet
Yredelemnul


Innate Abilities, Weirdness & Mutations

You are resistant to torment.
Your stone body is resilient (AC +4).
You are immune to poison.
You resist negative energy.
You are resistant to electric shocks.
You can survive without breathing.
You are immune to petrification.
You are immune to rotting.


Message History

Your +1 whip of electrocution stops crackling.
b - 194 stones (in hand)
The giant newt misses you.
Casting: Sandblast
Confirm with . or Enter, or press ? or * to list all spells.
Aiming: Sandblast
Press: ? - help, Shift-Dir - straight line, f/p - iguana
Aim: an iguana The rocky blast misses the iguana.
The rocky blast misses the giant newt.
The iguana bites you!
* * * LOW HITPOINT WARNING * * *
Wield which item (- for none, * to show all)? (? for menu, Esc to quit)
You feel protected!
u - a +1 dagger of protection (weapon)
The iguana barely misses you.
Found 16 stones.
The iguana hisses menacingly.
You see here a wand of slowing.
You hit the bush but do no damage. The iguana bites you!
You die...

).)# #÷###.#####.#..# #.##.#
)))# #[# #.# #.#..# #.##..
)))# #.# #.# ###.#.(# ##.####
#)## #.###.###...#..####......
#)## #†................l......
##.# #...........###.###...###
#)## #.##..PP....# #l# ##..#
##.# ##.#.P.PPP#..###.# #..#
##.## #.....♣♣.@#......# #....
#...# #....♣♣♣l##)##.###
#..... ....# #..P♣....##.##.#
..... ....# #..♣P.l.##).##.#
... ....####..P..###.#.##/#
...##.##.....##.###.#l######.#
#.###.######.#.## ##..........
#.# #.####....## ##.########.
#.# #.......>..##
##l..........


You could see an iguana and a giant newt.

Vanquished Creatures
  Sigmund (D:3)
  A scorpion (D:4)
  Crazy Yiuf (D:4)
  Natasha (thrice) (D:3)
  A worker ant (D:4)
  4 gnolls (D:2)
  8 adders
  An ooze (D:3)
  A worm (D:2)
  3 dart slugs
  A giant gecko (D:1)
  9 orcs
  4 giant cockroaches
  5 goblins
  7 hobgoblins
  3 jackals (D:3)
  6 kobolds
  A quokka (D:3)
  2 ball pythons
  9 bats
  5 giant newts
  A quokka skeleton (D:4)
  38 rats
115 creatures vanquished.

Notes
Turn   | Place    | Note
--------------------------------------------------------------
     0 | D:1      | turokix the Gargoyle Earth Elementalist began the quest for the Orb.
     0 | D:1      | Reached XP level 1. HP: 10/10 MP: 3/3
   114 | D:1      | Reached XP level 2. HP: 14/15 MP: 0/5
   572 | D:1      | Reached XP level 3. HP: 19/19 MP: 5/7
   577 | D:1      | Learned a level 3 spell: Stone Arrow
   937 | D:2      | Found a deep blue altar of Sif Muna.
   962 | D:2      | Found a faded altar to an unknown god.
   974 | D:2      | Found a basalt altar of Yredelemnul.
  1050 | D:2      | Reached XP level 4. HP: 22/24 MP: 6/9
  1059 | D:2      | Found a shattered altar of Ashenzari.
  1149 | D:2      | Reached skill level 1 in Conjurations
  1184 | D:2      | Found a burning altar of Makhleb.
  1192 | D:2      | Found a radiant altar of Vehumet.
  1195 | D:2      | Became a worshipper of Vehumet
  1411 | D:2      | Reached * piety under Vehumet
  1411 | D:2      | Offered knowledge of Flame Tongue by Vehumet.
  1482 | D:2      | Learned a level 1 spell: Flame Tongue
  1488 | D:2      | Reached XP level 5. HP: 16/28 MP: 6/10
  1596 | D:3      | Noticed Natasha
  1599 | D:3      | Noticed Sigmund
  1838 | D:3      | Killed Sigmund
  1838 | D:3      | Reached skill level 1 in Fire Magic
  1838 | D:3      | Reached skill level 5 in Earth Magic
  1838 | D:3      | Reached XP level 6. HP: 17/32 MP: 1/12
  1912 | D:3      | Killed Natasha
  2147 | D:3      | Noticed Natasha
  2151 | D:3      | Killed Natasha
  2151 | D:3      | Offered knowledge of Throw Frost by Vehumet.
  2212 | D:3      | Reached ** piety under Vehumet
  2215 | D:3      | Noticed Natasha
  2220 | D:3      | Killed Natasha
  2250 | D:3      | Reached XP level 7. HP: 36/36 MP: 12/14
  2511 | D:4      | Noticed Crazy Yiuf
  2519 | D:4      | Killed Crazy Yiuf
  2644 | D:4      | Reached skill level 5 in Spellcasting
  2759 | D:4      | Slain by an iguana

Skill      XL: |  1  2  3  4  5  6  7 |
---------------+----------------------+-----
Earth Magic    | 4 5 |  5.6
Spellcasting   | 3 4 5 |  5.1
Conjurations   | 1 2 3 |  3.1
Fire Magic     | 1 2 |  2.3
Dodging        | |  1.5
Stealth        | |  2.1
Transmutations | |  0.7

Action                   |  1- 3 |  4- 6 |  7- 9 || total
-------------------------+-------+-------+-------++-------
Melee: Club              |     6 |       |       ||     6
       Whip              |    22 |    93 |    19 ||   134
       Dagger            |       |       |     1 ||     1
 Cast: Sandblast         |    47 |    96 |    31 ||   174
  Use: Scroll            |       |     1 |     1 ||     2
  Eat: Chunk             |    17 |     4 |     1 ||    22
Armor: Robe              |    14 |    45 |    18 ||    77
Dodge: Dodged            |    40 |    83 |    23 ||   146
Block: Buckler           |       |       |     1 ||     1
